 Dungeon Crawl Stone Soup version 0.18.1-48-g4cf74bf (webtiles) character file.

36836 Gargoyl the Protected (level 13, 0/103 HPs)
             Began as a Demonspawn Abyssal Knight on Aug 10, 2016.
             Was the Champion of Lugonu.
             Succumbed to a wolf spider's poison
             ... on level 6 of the Lair of Beasts.
             The game lasted 00:38:04 (17682 turns).

Gargoyl the Protected (Demonspawn Abyssal Knight)  Turns: 17682, Time: 00:38:04

Health: 0/103      AC: 36    Str: 17      XL:     13   Next: 55%
Magic:  17/17      EV:  7    Int: 11 (13) God:    Lugonu [******]
Gold:   1373       SH: 15    Dex: 10 (11) Spells: 0 memorised, 12 levels left

rFire  . . .     SeeInvis +     O - +4 hand axe (venom)
rCold  . . .     Gourm    .     I - +0 plate armour
rNeg   . . .     Faith    .     P - +0 large shield
rPois  .         Spirit   .     (helmet restricted)
rElec  +         Dismiss  .     p - +2 cloak
rCorr  .         Reflect  .     a - +2 pair of gloves
SustAt .         Harm     .     T - +0 pair of boots
MR     .....     Clarity  +     f - amulet of magic regeneration
Stlth  ..........               b - +3 ring of evasion
                                x - ring of see invisible

@: lethally poisoned (0 -> -39), exhausted, slowed, very slow, not resistant to
hostile enchantments, extremely unstealthy
A: horns 1, rough black scales 3, clarity, shaggy fur 1, electricity resistance,
spiny 2, rot immunity
a: Depart the Abyss, Bend Space, Banish, Corrupt, Enter the Abyss, Brand Weapon
With Distortion, Renounce Religion


You were on level 6 of the Lair of Beasts.
You worshipped Lugonu.
Lugonu was exalted by your worship.
You were full.

You visited 2 branches of the dungeon, and saw 17 of its levels.
You visited the Abyss 1 time.
You also visited: Volcano.

You collected 1373 gold pieces.

Inventory:

Hand Weapons
 d - the +4 rapier of Discord {pierce, rN+}
   (You found it on level 2 of the Abyss)

   It inflicts extra damage upon your enemies.
   It protects you from negative energy.
 O - a +4 hand axe of venom (weapon)
 X - a +2 war axe of flaming
Missiles
 y - 4 tomahawks (quivered)
Armour
 a - a +2 pair of gloves (worn)
 p - a +2 cloak (worn)
 I - a +0 plate armour (worn)
 P - a +0 large shield (worn)
 T - a +0 pair of boots (worn)
Jewellery
 b - a +3 ring of evasion (right hand)
 f - an amulet of magic regeneration (around neck)
 x - a ring of see invisible (left hand)
Wands
 A - a wand of lightning (8/15)
 M - a wand of lightning (4/15)
 Q - a wand of heal wounds (2/9)
 V - a wand of digging (13/24)
Scrolls
 g - 17 scrolls of identify
 m - 3 scrolls of fog
 q - 2 scrolls of amnesia
 s - 2 scrolls of teleportation
 D - 5 scrolls of remove curse
 K - 3 scrolls of magic mapping
 N - 2 scrolls of recharging
Potions
 e - 3 potions of curing
 h - 2 potions of cure mutation
 k - 2 potions of lignification
 l - a potion of berserk rage
 o - 3 potions of brilliance
 r - a potion of heal wounds
 t - a potion of magic
 u - 4 potions of flight
 w - 2 potions of might
 R - a potion of resistance
Miscellaneous
 Z - a box of beasts
Comestibles
 c - 15 bread rations
 j - 3 beef jerkies
 v - 6 meat rations
 F - 2 fruits
 W - 2 royal jellies


   Skills:
 + Level 10.0 Fighting
 + Level 7.1 Short Blades
 + Level 6.1 Axes
 * Level 13.9 Armour
 + Level 5.8 Dodging
 + Level 1.6 Stealth
 + Level 7.3 Shields
 + Level 6.4 Invocations


You had 12 spell levels left.
You didn't know any spells.

Dungeon Overview and Level Annotations

Branches:
Dungeon (11/15)            Temple (0/1) D:6            Lair (6/8) D:10
  Swamp (0/4) Lair:4
  Snake: Lair:3-6    Spider: Lair:3-6     Slime: Lair:6-8       Orc: D:9-12

Altars:
Cheibriados
Pakellas
Sif Muna
The Shining One

Shops:
D:7 [   D:8 :


Innate Abilities, Weirdness & Mutations

You have a pair of small horns on your head.
You are completely covered in rough black scales (AC +10, Dex -3).
You are mostly covered in sharp spines.
You are immune to rotting.
You possess an exceptional clarity of mind.
You are covered in fur (AC +1).
You are resistant to electric shocks.


Message History

The wolf spider bites you but does no damage.
You slash the wolf spider!
The wolf spider is almost dead.
* * * LOW HITPOINT WARNING * * *
You feel very sick.
You kill the wolf spider!
Lugonu accepts your kill.
Your Fighting skill increases to level 10!
There is a lethal amount of poison in your body!
There is a lethal amount of poison in your body!
You are too berserk!
* * * LOW HITPOINT WARNING * * *
You feel very sick.
You feel a strong urge to attack something.
* * * LOW HITPOINT WARNING * * *
You feel very sick.
You are no longer berserk.
You are exhausted.
You feel yourself slow down.
You die...

.................................
.................................
.................................
.##########......################
## ######## # ♣♣♣♣♣♣ ♣♣♣♣♣♣
♣...)♣♣♣♣♣♣♣...)♣♣♣♣♣♣♣.
.♣♣♣..).♣♣)..♣♣†@).((... ♣♣
♣♣♣♣...♣♣♣♣♣♣♣♣♣♣♣..( ♣♣♣♣♣


There were no monsters in sight!

Vanquished Creatures
  2 hydras
  A centaur warrior (D:10)
  4 death yaks (Lair:6)
  An orc knight (Volcano)
  A hill giant (D:10)
  2 griffons
  A wolf spider (Lair:6)
  An ugly thing (D:11)
  3 elephants (Lair:4)
  4 black mambas
  Joseph (D:9)
  Psyche (D:11)
  A gargoyle (D:10)
  A torpor snail (Lair:5)
  The ghost of krepi the Archer, a novice CeHu (D:5)
  8 spiny frogs
  5 komodo dragons
  A centaur skeleton (D:10)
  2 rime drakes
  2 spriggan druids (Lair:6)
  A giant leech (Lair:4)
  A jumping spider (Lair:6)
  2 trolls
  3 polar bears (Lair:4)
  7 blink frogs
  Sigmund (D:5)
  6 spriggans
  2 wyverns (D:9)
  25 yaks
  5 basilisks
  8 hippogriffs
  A swamp worm (Lair:4)
  10 water moccasins
  8 porcupines
  7 orc warriors
  Duvessa (D:4)
  2 ice beasts
  3 sky beasts (D:11)
  A wasp (Lair:6)
  11 wolves
  2 necrophages
  2 phantoms
  2 centaurs
  8 ogres
  9 crocodiles
  9 giant frogs
  3 scorpions
  Dowan (D:4)
  8 killer bees (D:10)
  3 giant frog zombies (D:7)
  4 crimson imps
  A quasit (D:8)
  Crazy Yiuf (D:6)
  3 centaur zombies
  6 orc priests
  A giant frog skeleton (D:8)
  3 jellies
  A gnoll shaman (D:9)
  4 hounds
  9 orc wizards
  14 iguanas
  5 worker ants
  29 sheep
  A killer bee zombie (D:8)
  2 hound zombies
  A hound skeleton (D:6)
  A worker ant zombie (D:6)
  13 gnolls
  10 adders
  2 howler monkey skeletons
  33 river rats
  A shadow imp (D:5)
  2 oozes (D:3)
  An adder skeleton (D:7)
  2 worms (D:2)
  4 dart slugs
  4 giant geckos
  56 orcs
  2 ball pythons
  5 giant cockroaches
  6 goblins
  3 hobgoblins
  10 jackals
  5 quokkas
  4 bats
  A giant gecko zombie (D:8)
  3 giant newts
  7 kobolds
  A quokka skeleton (D:4)
  7 rats
  A fungus (Lair:5)
  A plant (Lair:5)
465 creatures vanquished.

Vanquished Creatures (others)
  The ghost of humperndinck the Severer, a journeyman MiFi of Qazlal (Lair:3)
  2 hydras (Lair:1)
  A worker ant (D:6)
  4 fungi
8 creatures vanquished.

Grand Total: 473 creatures vanquished

Notes
Turn   | Place    | Note
--------------------------------------------------------------
     0 | Abyss:1  | Gargoyl the Demonspawn Abyssal Knight began the quest for the Orb.
     0 | Abyss:1  | Reached XP level 1. HP: 18/18 MP: 2/2
     9 | Abyss:2  | Got a fine rapier
    34 | Abyss:2  | Noticed an insubstantial wisp
    35 | Abyss:2  | Noticed an insubstantial wisp
    35 | Abyss:2  | Noticed an insubstantial wisp
    35 | Abyss:2  | Noticed an insubstantial wisp
    36 | Abyss:2  | Noticed an insubstantial wisp
    46 | D:1      | Escaped the Abyss
    59 | D:1      | Identified the +4 rapier of Discord {pierce, rN+} (You found it on level 2 of the Abyss)
   118 | D:1      | Reached * piety under Lugonu
   281 | D:1      | Reached skill level 2 in Armour
   281 | D:1      | Gained mutation: You are partially covered in rough black scales (AC +4, Dex -1). [demonic ancestry]
   281 | D:1      | Reached XP level 2. HP: 24/24 MP: 4/4
   437 | D:1      | Reached skill level 1 in Dodging
   593 | D:1      | Found an oddly glowing altar of Pakellas.
   917 | D:2      | Gained mutation: You are mostly covered in rough black scales (AC +7, Dex -2). [demonic ancestry]
   917 | D:2      | Reached XP level 3. HP: 30/30 MP: 5/5
  1181 | D:2      | Reached ** piety under Lugonu
  1287 | D:2      | Gained mutation: You are completely covered in rough black scales (AC +10, Dex -3). [demonic ancestry]
  1287 | D:2      | Reached XP level 4. HP: 37/37 MP: 6/6
  1900 | D:3      | Reached skill level 1 in Short Blades
  1900 | D:3      | Gained mutation: You are partially covered in sharp spines. [demonic ancestry]
  1900 | D:3      | Reached XP level 5. HP: 18/43 MP: 7/7
  1903 | D:3      | Reached skill level 3 in Armour
  2431 | D:3      | Noticed an ogre
  2439 | D:3      | Killed an ogre
  2439 | D:3      | Gained mutation: You have a pair of small horns on your head. [demonic ancestry]
  2439 | D:3      | Reached XP level 6. HP: 28/50 MP: 8/8
  2605 | D:3      | Reached *** piety under Lugonu
  3005 | D:4      | Reached skill level 5 in Fighting
  3025 | D:3      | Reached skill level 4 in Armour
  3053 | D:4      | Reached XP level 7. HP: 52/56 MP: 9/9
  3074 | D:4      | Noticed Duvessa
  3082 | D:4      | Killed Duvessa
  3362 | D:4      | Reached **** piety under Lugonu
  3442 | D:4      | Reached skill level 1 in Stealth
  3490 | D:4      | Reached skill level 5 in Armour
  3623 | D:4      | Noticed Dowan
  3627 | D:4      | Killed Dowan
  3790 | D:5      | Entered Level 5 of the Dungeon
  3963 | D:5      | Noticed krepi's ghost (novice CeHu)
  3982 | D:5      | Killed krepi's ghost
  3982 | D:5      | Reached XP level 8. HP: 49/64 MP: 10/10
  4099 | D:5      | Reached skill level 6 in Armour
  4187 | D:5      | Noticed Sigmund
  4200 | D:5      | Killed Sigmund
  4334 | D:6      | Noticed Crazy Yiuf
  4340 | D:6      | Killed Crazy Yiuf
  4486 | D:6      | Reached skill level 7 in Armour
  4706 | D:6      | Found a staircase to the Ecumenical Temple.
  4859 | D:6      | Found a deep blue altar of Sif Muna.
  4933 | D:7      | Gained mutation: You are immune to rotting. [demonic ancestry]
  4933 | D:7      | Reached XP level 9. HP: 66/69 MP: 11/11
  4968 | D:7      | Reached ***** piety under Lugonu
  5006 | D:7      | Found a snail-covered altar of Cheibriados.
  5033 | D:7      | Reached skill level 8 in Armour
  5603 | D:7      | Found Elofya's Armour Shoppe.
  5702 | D:8      | Reached skill level 5 in Short Blades
  5842 | D:8      | Found Catal's Book Emporium.
  5997 | D:8      | Reached skill level 9 in Armour
  6671 | D:9      | Reached XP level 10. HP: 69/79 MP: 12/12
  6913 | D:9      | Noticed Joseph
  6930 | D:9      | Killed Joseph
  7337 | D:10     | Entered Level 10 of the Dungeon
  7412 | D:10     | Noticed a centaur warrior
  7414 | D:10     | Noticed a hill giant
  7877 | D:10     | Found a staircase to the Lair.
  7932 | D:10     | Killed a centaur warrior
  7932 | D:10     | Reached skill level 10 in Armour
  8032 | D:10     | Noticed a gargoyle
  8048 | D:10     | Killed a gargoyle
  8605 | D:10     | Killed a hill giant
  8605 | D:10     | Reached skill level 11 in Armour
  9167 | D:11     | Noticed Psyche
  9172 | D:11     | Reached skill level 5 in Dodging
  9172 | D:11     | Reached XP level 11. HP: 79/86 MP: 13/13
  9186 | D:11     | Killed Psyche
  9368 | D:11     | Gained mutation: You are resistant to hostile enchantments. [mutagenic meat]
  9369 | D:11     | Gained mutation: You are frail (-10% HP). [mutagenic meat]
  9370 | D:11     | Gained mutation: You possess an exceptional clarity of mind. [mutagenic meat]
  9371 | D:11     | Gained mutation: You are covered in fur (AC +1). [mutagenic meat]
  9372 | D:11     | Gained mutation: Your body sometimes deteriorates upon taking damage. [mutagenic meat]
  9375 | D:11     | Lost mutation: Your body sometimes deteriorates upon taking damage. [potion of cure mutation]
  9375 | D:11     | Lost mutation: You are resistant to hostile enchantments. [potion of cure mutation]
  9375 | D:11     | Lost mutation: You are frail (-10% HP). [potion of cure mutation]
  9375 | D:11     | Lost mutation: You possess an exceptional clarity of mind. [potion of cure mutation]
  9425 | D:11     | Gained mutation: Your body sometimes deteriorates upon taking damage. [mutagenic meat]
  9426 | D:11     | Lost mutation: Your body sometimes deteriorates upon taking damage. [mutagenic meat]
  9427 | D:11     | Gained mutation: You are resistant to electric shocks. [mutagenic meat]
  9429 | D:11     | Gained mutation: You possess an exceptional clarity of mind. [mutagenic meat]
  9473 | D:11     | Found a glowing golden altar of the Shining One.
  9492 | D:11     | Noticed a cyan ugly thing
  9504 | D:11     | Killed a brown ugly thing
  9888 | Lair:1   | Entered Level 1 of the Lair of Beasts
  9903 | Lair:1   | Reached skill level 1 in Shields
 10567 | Lair:1   | Noticed a four-headed hydra
 10573 | Lair:1   | Noticed a five-headed hydra
 10576 | Lair:1   | Banished a four-headed hydra
 10591 | Lair:1   | Banished a five-headed hydra
 10855 | Lair:1   | Reached skill level 12 in Armour
 11064 | Lair:1   | Reached skill level 5 in Invocations
 11627 | Lair:1   | Gained mutation: You are mostly covered in sharp spines. [demonic ancestry]
 11627 | Lair:1   | Reached XP level 12. HP: 70/94 MP: 16/16
 13052 | Lair:3   | Noticed an eight-headed hydra
 13055 | Lair:3   | Banished an eight-headed hydra
 13066 | Lair:3   | Found a dark tunnel.
 13087 | Volcano  | Entered a volcano
 13335 | Lair:3   | Noticed humperndinck's ghost (journeyman MiFi)
 13827 | Lair:3   | Banished humperndinck's ghost
 13872 | Lair:3   | Reached skill level 13 in Armour
 14025 | Lair:3   | Noticed a seven-headed hydra
 14036 | Lair:3   | Killed a one-headed hydra
 14351 | Lair:4   | Found a staircase to the Swamp.
 14369 | Lair:4   | Reached skill level 5 in Shields
 14967 | Lair:4   | Reached skill level 5 in Axes
 15767 | Lair:4   | Reached ****** piety under Lugonu
 15767 | Lair:4   | Reached XP level 13. HP: 72/101 MP: 17/17
 17679 | Lair:6   | HP: 7/154 [poisoned by a wolf spider]
 17679 | Lair:6   | Reached skill level 10 in Fighting
 17681 | Lair:6   | HP: 2/154 [poisoned by a wolf spider]
 17682 | Lair:6   | Succumbed to a wolf spider's poison

Skill      XL: |  1  2  3  4  5  6  7  8  9 10 11 12 13 |
---------------+----------------------------------------+-----
Armour         | 2 3 4 5 7 9 11 12 13 | 13.9
Dodging        | 1 2 3 4 5 |  5.8
Axes           | 2 3 5 6 |  6.1
Fighting       | 4 5 6 7 8 9 10 | 10.0
Short Blades   | 1 2 3 4 5 6 7 |  7.1
Stealth        | 1 |  1.6
Shields        | 3 5 7 |  7.3
Invocations    | 5 6 |  6.4

Action                   |  1- 3 |  4- 6 |  7- 9 | 10-12 | 13-15 || total
-------------------------+-------+-------+-------+-------+-------++-------
Melee: Rapier            |    95 |   115 |   258 |   167 |       ||   635
       Headbutt          |       |     2 |    32 |   131 |    51 ||   216
       Hand axe          |       |       |       |   494 |   208 ||   702
       War axe           |       |       |       |     8 |     7 ||    15
Throw: Tomahawk          |       |       |       |       |     5 ||     5
Invok: Depart the Abyss  |     1 |       |       |       |       ||     1
       Banish            |       |       |       |     9 |       ||     9
       Bend Space        |       |       |       |     1 |       ||     1
  Use: Scroll            |       |       |    12 |    16 |     1 ||    29
       Potion            |       |       |       |     6 |    10 ||    16
  Eat: Chunk             |     1 |     6 |    10 |    37 |     2 ||    56
       Pizza             |       |       |     1 |       |       ||     1
       Fruit             |       |       |       |     3 |    12 ||    15
       Meat ration       |       |       |       |     1 |       ||     1
Armor: Chain mail        |    70 |    70 |    74 |       |       ||   214
       Plate armour      |       |       |   152 |   626 |   207 ||   985
Dodge: Dodged            |    26 |    34 |    90 |   172 |    53 ||   375
Block: Large shield      |       |       |       |   407 |   222 ||   629
